 Dungeon Crawl Stone Soup version 0.30-a0-618-gd6c86c23d0 (webtiles) character file.

Game seed: 15860937758161599650

1520796 ragingrage the Worldbinder (level 27, 224/224 HPs)
             Began as a Barachi Summoner on Jan 9, 2023.
             Was the Champion of Ru.
             Escaped with the Orb
             ... and 3 runes!
             The game lasted 04:09:01 (93729 turns).

ragingrage the Worldbinder (Barachi Summoner)      Turns: 93729, Time: 04:09:01

Health: 224/224    AC: 27    Str: 13    XL:     27
Magic:  44/44      EV: 24    Int: 36    God:    Ru [******]
Gold:   3447       SH:  9    Dex: 10    Spells: 2/60 levels left

rFire   + + .      SeeInvis +    a - +9 demon trident (elec)
rCold   + . .      Faith    .    U - +3 buckler {rC+ rF+}
rNeg    . . .      Spirit   .    X - +5 robe of Night {Dark Will+ SInv}
rPois   +          Reflect  .    k - +2 helmet {Int+3}
rElec   +          Harm     .    T - +2 cloak {Stlth+}
rCorr   .          Rampage  .    B - +2 pair of gloves of the Exiled Mice {rPois Str+3}
Will    ++...                    L - +0 pair of boots of the Amoeba {rElec rF+ Int+8 Dex-5}
Stlth   ++                       E - amulet of Vitality {RegenMP++ Regen++}
HPRegen 2.17/turn                Y - +4 ring of protection
MPRegen 1.09/turn                e - +5 ring of evasion

@: unable to hop, slow
A: amphibious, dopey 1, slowness 1, inability to use devices, no conjurations
magic, no earth magic, no transmutations magic, weak-willed 1, unskilled 1,
strong legs 2, +LOS
0: Orb of Zot
}: 3/15 runes: barnacled, silver, gossamer
a: Hop, Renounce Religion, Draw Out Power, Power Leap, Apocalypse


You escaped.
You worshipped Ru.
Ru was exalted by your worship.
You visited 10 branches of the dungeon, and saw 48 of its levels.
You visited the Abyss 2 times.
You also visited: Sewer, Ossuary, Bailey, Ice Cave and Desolation.

You collected 7714 gold pieces.
You spent 4267 gold pieces at shops.

Inventory:

Hand Weapons
 a - a +9 demon trident of electrocution (weapon)
 b - the +10 rapier "Mirusku" {elec, rElec rF- rC++ Int+9}
   (You found it on level 4 of the Vaults)

   Int:       It affects your intelligence (+9).
   rF:        It makes you vulnerable to fire.
   rC:        It greatly protects you from cold.
   rElec:     It insulates you from electricity.
Missiles
 A - 14 curare-tipped darts
 I - 2 throwing nets
Armour
 k - a +2 helmet of intelligence (worn)
 B - the +2 pair of gloves of the Exiled Mice (worn) {rPois Str+3}
   (You bought it in a shop on level 3 of the Depths)

   Str:       It affects your strength (+3).
   rPois:     It protects you from poison.
 L - the +0 pair of boots of the Amoeba (worn) {rElec rF+ Int+8 Dex-5}
   (You found it on level 2 of the Depths)

   Int:       It affects your intelligence (+8).
   Dex:       It affects your dexterity (-5).
   rF:        It protects you from fire.
   rElec:     It insulates you from electricity.
 T - a +2 cloak of stealth (worn)
 U - a +3 buckler of resistance (worn)
 V - the +3 pair of boots "Loegyid" {rPois rF+ Int+3 Dex-5}
   (You found it in an ice cave)

   Int:       It affects your intelligence (+3).
   Dex:       It affects your dexterity (-5).
   rF:        It protects you from fire.
   rPois:     It protects you from poison.
 X - the +5 robe of Night (worn) {Dark Will+ SInv}
   (You found it in the Desolation of Salt)

   It shrouds the wearer in darkness, reducing the range at which they can see
   and be seen by others.
   SInv:      It lets you see invisible.
   Will:      It increases your willpower.
Jewellery
 e - a +5 ring of evasion (right hand)
 t - the amulet of Urgheuv {rF+ Regen+ rCorr}
   (You found it in the Desolation of Salt)

   [amulet of regeneration]

   rF:        It protects you from fire.
   Regen:     It increases your rate of health regeneration.
   rCorr:     It protects you from acid and corrosion.
 C - the ring "Fugesir" {Wiz rCorr}
   (You found it on level 1 of the Realm of Zot)

   [ring of wizardry]

   It improves your spell success rate.
   rCorr:     It protects you from acid and corrosion.
 D - a ring of positive energy
 E - the amulet of Vitality (around neck) {RegenMP++ Regen++}
   (You bought it in a shop on level 3 of the Depths)

   [amulet of magic regeneration]

   It increases your rate of magic regeneration.
   Regen:     It increases your rate of health regeneration.
 Y - a +4 ring of protection (left hand)
Scrolls
 c - 12 scrolls of vulnerability
 g - 5 scrolls of fear
 h - 20 scrolls of teleportation
 j - 5 scrolls of immolation
 l - 11 scrolls of magic mapping
 n - 6 scrolls of fog
 o - 3 scrolls of poison
 q - 2 scrolls of amnesia
 r - 6 scrolls of summoning
 u - a scroll of enchant weapon
 w - 6 scrolls of silence
 y - 2 scrolls of enchant armour
 Q - 4 scrolls of blinking
 Z - 4 scrolls of torment
Potions
 d - a potion of invisibility
 f - 12 potions of heal wounds
 i - 11 potions of haste
 m - 7 potions of attraction
 p - 17 potions of curing
 s - 13 potions of might
 x - 4 potions of magic
 z - 13 potions of ambrosia
 F - 11 potions of lignification
 G - 6 potions of mutation
 H - 9 potions of brilliance
 J - 7 potions of resistance
 K - 7 potions of flight
 M - 4 potions of cancellation
 W - 3 potions of berserk rage


   Skills:
 - Level 20.0 Fighting
 - Level 5.0 Short Blades
 - Level 8.4 Maces & Flails
 - Level 14.0 Polearms
 - Level 22.0 Armour
 + Level 19.9 Dodging
 - Level 14.0 Stealth
 - Level 9.0 Shields
 - Level 17.0 Spellcasting
 - Level 7.0 Hexes
 + Level 26.4 Summonings
 - Level 5.0 Translocations
 - Level 5.0 Ice Magic
 - Level 7.0 Air Magic
 - Level 9.0 Poison Magic


You had 2 spell levels left.
You knew the following spells:

 Your Spells              Type           Power      Damage    Failure   Level
a - Summon Forest         Summ/Tloc      48%        N/A       1%          5
b - Summon Cactus Giant   Summ           60%        N/A       0%          6
c - Summon Mana Viper     Hex/Summ       100%       N/A       1%          5
d - Summon Lightning Spi  Summ/Air       100%       N/A       0%          4
e - Blink                 Tloc           100%       N/A       1%          2
f - Ozocubu's Armour      Ice            61%        N/A       1%          3
g - Olgreb's Toxic Radia  Pois           77%        N/A       1%          4
h - Call Canine Familiar  Summ           100%       N/A       0%          3
i - Summon Hydra          Summ           60%        N/A       1%          7
j - Malign Gateway        Summ/Tloc      48%        N/A       1%          7
k - Dragon's Call         Summ           60%        N/A       2%          9
l - Swiftness             Air            69%        N/A       1%          3

Your spell library contained the following spells:

 Spells                   Type           Power      Damage    Failure   Level
 Summon Small Mammal      Summ           100%       N/A       0%          1
 Call Imp                 Summ           100%       N/A       0%          2
 Freeze                   Ice            100%       1d10      1%          1
 Slow                     Hex            100%       N/A       1%          1
 Cigotuvi's Dreadful Rot  Necr/Pois/Air  100%       N/A       1%          2
 Ensorcelled Hibernation  Hex/Ice        100%       N/A       1%          2
 Poisonous Vapours        Pois/Air       100%       N/A       1%          2
 Scorch                   Fire           60%        2d8       1%          2
 Sublimation of Blood     Necr           30%        N/A       1%          2
 Summon Guardian Golem    Hex/Summ       100%       N/A       0%          3
 Confusing Touch          Hex            69%        N/A       1%          3
 Frozen Ramparts          Ice            100%       1d16      1%          3
 Gell's Gravitas          Tloc           61%        N/A       1%          3
 Inner Flame              Hex/Fire       54%        N/A       1%          3
 Kindle Blastsparks       Fire/Tloc/Air  100%       2d18      1%          3
 Lesser Beckoning         Tloc           100%       N/A       1%          3
 Portal Projectile        Hex/Tloc       100%       N/A       1%          3
 Teleport Other           Tloc           61%        N/A       1%          3
 Tukima's Dance           Hex            69%        N/A       1%          3
 Vhi's Electric Charge    Tloc/Air       100%       N/A       1%          3
 Airstrike                Air            34%        2d(5-21)  1%          4
 Cause Fear               Hex            34%        N/A       1%          4
 Summon Ice Beast         Ice/Summ       97%        N/A       1%          4
 Summon Horrible Things   Summ           60%        N/A       1%          8
 Silence                  Hex/Air        34%        N/A       2%          5
 Anguish                  Hex/Necr       27%        N/A       3%          4
 Vampiric Draining        Necr           30%        2d8       4%          3
 Enfeeble                 Hex            34%        N/A       54%         7
 Simulacrum               Ice/Necr       24%        N/A       58%         6
 Ozocubu's Refrigeration  Ice            30%        4d14      83%         7
 Discord                  Hex            34%        N/A       99%         8
 Disjunction              Tloc           30%        N/A       100%        8
 Ignition                 Fire           15%        3d6       100%        8
 Polar Vortex             Ice            30%        N/A       100%        9
 Sandblast                Erth           Unusable   2d14      N/A         1
 Sting                    Tmut/Pois      Unusable   1d8       N/A         1
 Momentum Strike          Conj/Tloc      Unusable   3d10      N/A         2
 Passwall                 Tmut/Erth      Unusable   N/A       N/A         2
 Static Discharge         Conj/Air       Unusable   2-7/arc   N/A         2
 Wereblood                Tmut           Unusable   N/A       N/A         2
 Dazzling Flash           Conj/Hex       Unusable   N/A       N/A         3
 Hailstorm                Conj/Ice       Unusable   3d11      N/A         3
 Spider Form              Tmut/Pois      Unusable   N/A       N/A         3
 Stone Arrow              Conj/Erth      Unusable   3d10      N/A         3
 Ice Form                 Ice/Tmut       Unusable   N/A       N/A         4
 Freezing Cloud           Conj/Ice/Air   Unusable   6-21      N/A         5
 Arcjolt                  Conj/Air       Unusable   1d37      N/A         5
 Lightning Bolt           Conj/Air       Unusable   1d43      N/A         5
 Blade Hands              Tmut           Unusable   N/A       N/A         5
 Irradiate                Conj/Tmut      Unusable   3d16      N/A         5
 Conjure Ball Lightning   Conj/Air       Unusable   3x3d8     N/A         6
 Fire Storm               Conj/Fire      Unusable   8d4       N/A         9

Dungeon Overview and Level Annotations

Branches:
Dungeon (15/15)            Temple (1/1) D:6            Lair (5/5) D:11
 Shoals (4/4) Lair:2       Spider (4/4) Lair:2        Slime (0/5) Lair:4
    Orc (2/2) D:11            Elf (3/3) Orc:2        Vaults (5/5) D:14
  Crypt (0/3) Vaults:2     Depths (4/4) D:15            Zot (5/5) Depths:4
  Sewer (visited)         Ossuary (visited)          Bailey (visited)
  IceCv (visited)         Desolation (visited)

Altars:
Ashenzari
Cheibriados
Dithmenos
Elyvilon
Fedhas
Gozag
Hepliaklqana
Kikubaaqudgha
Makhleb
Nemelex Xobeh
Okawaru
Qazlal
Ru
Sif Muna
Trog
Uskayaw
Vehumet
Wu Jian
Xom
Yredelemnul
Zin
The Shining One
Lugonu

Shops:
D:9 !   Orc:2 [*(   Elf:3 [:!*   Shoals:2 [   Vaults:4 [   Vaults:5 (
Depths:2 *   Depths:3 =[   Depths:4 *

Portals:
Hell: Depths:1 Depths:2 Depths:3 Depths:4
Abyss: Depths:3 Depths:4
Pandemonium: Depths:2
Ziggurat: Depths:4

Annotations:
Lair:1 exclusion: downstairs
Lair:2 exclusion: downstairs
Shoals:1 exclusion: downstairs
Elf:2 3 runed translucent doors, exclusion: orange crystal statue
Zot:3 2 transporters


Innate Abilities, Weirdness & Mutations

You are amphibious.
You are dopey. (Int -2)
You cover ground slowly.
You cannot study or use magical devices.
You cannot study or cast Conjurations magic.
You cannot study or cast Earth magic.
You cannot study or cast Transmutations magic.
You are slightly weak-willed. (Will-)
You are somewhat unskilled. (-1 Apt)
You can hop long distances.
You have an extended range of vision and can be seen from far away.


Message History

Your golden dragon resists.
Your golden dragon barely misses the sun demon.
Your golden dragon closely misses the sun demon.
Your golden dragon tramples the sun demon!
The sun demon holds its ground!
Something hits your golden dragon!
Your golden dragon is engulfed in flames.
Your golden dragon resists.
Something hits your golden dragon!!
Your golden dragon is engulfed in flames!
Your golden dragon resists.
Something completely misses your golden dragon.
Something hits your golden dragon but does no damage.
There is a stone staircase leading up here.
You climb upwards.
There is a stone staircase leading down here.
(D) Dungeon (T) Temple (L) Lair (A) Shoals (N) Spider Nest (M) Slime Pits (O) Orcish Mines (E) Elven Halls (V) Vaults (C) Crypt (U) Depths (H) Hell (Z) Zot
Where to? (Enter - D:1 @ (x,y), ? - help)
What level of the Dungeon? (default 1, ? - help)
You can once more reach out to the dragon horde.
There is a stone staircase leading up here.
You climb upwards.
There is a stone staircase leading down here.
A large abomination comes into view.
The large abomination moves out of view.
There is a stone staircase leading up here.
You climb upwards.
There is a stone staircase leading down here.
(D) Dungeon (T) Temple (L) Lair (A) Shoals (N) Spider Nest (M) Slime Pits (O) Orcish Mines (E) Elven Halls (V) Vaults (C) Crypt (U) Depths (H) Hell (Z) Zot
Where to? (Enter - D:1 @ (x,y), ? - help)
What level of the Dungeon? (default 1, ? - help)
There is a large open door here.
There is a staircase leading out of the dungeon here.
You have escaped!

.# #.# #.# #.# .# #.####
###.#######.# .#
#....#####...........# .#
#.##..........######## ##
#.###..##''##....##
########.#..♣.#....#.♣♣..#
........#######.88.#######
######### #....# #.@..#
########## #####..###
#........# #........#
##.......# ###############
##....### ..............#
#....# #############.#
#.#.##


There were no monsters in sight!

Vanquished Creatures
  Mara (Depths:1)
  A juggernaut (shapeshifter) (Vaults:5)
  Boris (Depths:1)
  2 curse toes
  3 golden dragons
  A lich (Depths:2)
  A tentacled monstrosity (Vaults:5)
  An Orb Guardian (Zot:5)
  2 titans (Vaults:5)
  A walking earthen tome (Depths:3)
  A quicksilver dragon (Zot:1)
  A deep elf blademaster (Abyss:4)
  Frances (Shoals:2)
  A tentacled starspawn (Abyss:4)
  A sphinx (Vaults:5)
  An eldritch tentacle (Vaults:5)
  A death cob (Zot:1)
  4 tengu reavers
  2 storm dragons
  6 shadow dragons
  Donald (Shoals:3)
  A draconian monk (Zot:4)
  A revenant (Depths:2)
  4 frost giants
  3 emperor scorpions
  An iron dragon (Vaults:5)
  3 fire giants
  4 deep elf sorcerers
  An imperial myrmidon (Desolation)
  A ghost moth (Spider:2)
  5 vault wardens
  A caustic shrike zombie (Depths:2)
  4 very ugly things
  2 deep elf elementalists (Elf:3)
  A broodmother (Spider:4)
  2 ironbound preservers
  A draconian annihilator (Zot:4)
  2 stone giants
  3 ironbound thunderhulks
  6 war gargoyles
  4 vampire knights (Depths:2)
  A deep elf demonologist (Vaults:5)
  A halazid warlock (Desolation)
  A red draconian (Depths:4)
  2 spark wasps (Depths:3)
  2 merfolk javelineers (Shoals:4)
  2 deep elf death magi (Elf:1)
  A yellow draconian (Zot:4)
  2 ettins (Vaults:5)
  An entropy weaver (Spider:3)
  2 deep elf high priests (Vaults:5)
  A merfolk impaler (Shoals:4)
  3 yaktaur captains
  2 servants of whispers (Desolation)
  A ragged hierophant (Desolation)
  An ice dragon (Depths:1)
  A shambling mangrove (Abyss:4)
  A rakshasa (Abyss:4)
  16 vault guards
  3 peacekeepers
  4 ironbound frosthearts
  Fannar (Lair:3)
  2 alligator snapping turtles (Shoals:4)
  A radroach (Spider:3)
  7 centaur warriors
  3 merfolk avatars
  A dancing weapon (Elf:2)
  A jorogumo (Spider:4)
  4 boulder beetles
  4 merfolk aquamancers
  2 deep troll shamans (Depths:3)
  2 satyrs (Shoals:4)
  A vampire mage (Depths:2)
  3 deep troll earth magi
  2 sun demons (Abyss:4)
  A spriggan berserker (Depths:3)
  Nergalle (D:10)
  8 deep elf knights
  A wretched star (Abyss:4)
  2 hell knights (Depths:4)
  A pharaoh ant (Spider:2)
  3 iron trolls
  A sun moth (Spider:4)
  Lodul (D:14)
  A sixfirhy (Depths:2)
  10 deep trolls
  7 deep elf archers
  7 ironbound convokers
  4 lindwurms
  2 sea snakes
  8 orb spiders
  2 phantasmal warriors
  2 wizards (Vaults:4)
  2 tengu zombies (Depths:2)
  2 steelbarb worms (Spider:1)
  7 harpies
  15 deep elf pyromancers
  13 wolf spiders
  A golden dragon skeleton (Depths:2)
  An iron dragon zombie (Depths:2)
  2 orc knights
  3 cyclopes
  3 manticores
  7 deep elf zephyrmancers
  3 fauns (Shoals:4)
  A frost giant zombie (Depths:2)
  2 worldbinders (Abyss:4)
  9 ugly things
  4 moths of wrath
  2 tengu skeletons (Depths:2)
  A fire giant skeleton (Depths:2)
  2 elephants (Lair:4)
  An iron dragon skeleton (Depths:2)
  An orange demon (Abyss:4)
  3 water nymphs
  5 merfolk sirens
  2 guardian serpents (Desolation)
  3 demonic crawlers
  A titan simulacrum (Depths:2)
  A black mamba (Lair:3)
  5 vault sentinels
  A molten gargoyle (Desolation)
  An eye of devastation (Abyss:3)
  2 cane toads
  3 torpor snails
  An unseen horror (Abyss:4)
  2 komodo dragons (Lair:5)
  A kobold demonologist (D:11)
  8 rime drakes
  A red devil (D:14)
  A tengu conjurer (D:14)
  2 trolls
  An ancient zyme (Abyss:4)
  5 merfolk
  9 yaktaurs
  3 wind drakes
  3 meliai (Spider:4)
  2 hornets
  3 polar bears
  A sphinx simulacrum (Depths:2)
  17 saltlings (Desolation)
  Prince Ribbit (D:6)
  12 tarantellas
  6 raiju
  5 blink frogs
  2 flying skulls (Depths:2)
  A small abomination (Abyss:4)
  2 snapping turtles (Shoals:1)
  4 dream sheep
  6 slime creatures
  6 water elementals
  11 jumping spiders
  A spriggan skeleton (Depths:2)
  An air elemental (Elf:2)
  6 culicivoras
  A spriggan (D:10)
  2 wraiths
  4 wyverns
  5 nameless horrors
  5 yaks
  5 basilisks
  A vampire mosquito (D:15)
  32 redbacks
  2 chaos spawn
  An acid dragon (D:11)
  A large abomination (Abyss:4)
  2 water moccasins
  A hell hound (Lair:5)
  A floating eye (shapeshifter) (Vaults:5)
  8 orc warriors
  3 wolves
  6 ogres (D:14)
  5 centaurs
  2 phantoms
  2 earth elementals
  A kobold brigand (D:6)
  5 bullfrogs
  A scorpion (shapeshifter) (Depths:2)
  A scorpion (Lair:2)
  A wight (D:7)
  2 killer bees (D:9)
  A jelly (D:6)
  4 orc priests
  A hound (D:5)
  Ijyb (D:3)
  An iguana (D:5)
  An orc wizard (D:10)
  2 mummies (Ossuary)
  2 adders
  A shadow imp (D:5)
  An ufetubus (D:6)
  A worm (D:5)
  19 orcs
  5 ball pythons
  4 endoplasms
  3 giant cockroaches
  4 goblins
  A hobgoblin (D:4)
  4 kobolds
  3 quokkas
  4 bats
  2 frilled lizards
  A hobgoblin zombie (Ossuary)
  A kobold zombie (Ossuary)
  11 rats
  A briar patch (Abyss:4)
640 creatures vanquished.

Vanquished Creatures (collateral kills)
  3 dread liches
  7 ancient liches
  3 orbs of fire
  2 juggernauts (Depths:3)
  The ghost of Zeaxzic Paph the Slayer, a veteran OgBe of Trog (Zot:5)
  The ghost of Zeaxzic Paph the Slayer, a veteran OgBe of Trog (Zot:4)
  Boris (Vaults:4)
  Bai Suzhen (Spider:3)
  The ghost of Gucom the Gnoll Aeon, a veteran GnFi of Cheibriados (Depths:2)
  5 Killer Klowns
  A caustic shrike (Depths:3)
  A curse toe (Zot:4)
  3 golden dragons
  Nikola (Elf:2)
  4 bone dragons (Abyss:4)
  Jorgrun (Elf:2)
  3 electric golems
  3 Tzitzimimeh
  24 Orb Guardians (Zot:5)
  5 liches
  16 tentacled monstrosities
  A walking earthen tome (Depths:3)
  A walking frostbound tome (Depths:3)
  3 deep elf blademasters
  3 quicksilver dragons
  2 deep elf master archers (Elf:3)
  A walking divine tome (Depths:3)
  3 titans (Vaults:5)
  12 death cobs
  An eldritch tentacle (Depths:4)
  7 tentacled starspawn
  4 sphinxes
  3 Executioners (Abyss:4)
  3 tengu reavers
  6 shadow dragons
  2 daevas (Depths:4)
  12 storm dragons
  4 draconian knights
  7 fire giants
  9 draconian monks
  A frost giant (shapeshifter) (Depths:1)
  6 emperor scorpions (Spider:4)
  2 balrugs
  Louise (D:15)
  10 deep elf sorcerers
  3 draconian scorchers
  Aizul (Spider:2)
  5 ghost moths
  2 deep elf elementalists
  5 frost giants
  2 orc warlords
  6 draconian shifters
  9 ironbound preservers
  13 vault wardens
  10 draconian annihilators
  A spriggan defender (Depths:3)
  3 broodmothers
  12 draconian stormcallers
  4 ironbound thunderhulks
  10 stone giants
  2 war gargoyles
  28 very ugly things
  19 green draconians
  9 vampire knights
  12 black draconians
  8 dire elephants
  5 deep elf demonologists (Elf:3)
  5 deep elf annihilators
  2 lorocyprocas
  18 yellow draconians
  19 red draconians
  6 spark wasps
  14 white draconians
  A merfolk javelineer (Shoals:4)
  10 purple draconians
  12 crystal guardians
  3 deep elf death magi (Elf:3)
  A jiangshi (Depths:2)
  7 ettins
  5 fire dragons
  9 deep elf high priests
  5 merfolk impalers
  An entropy weaver (shapeshifter) (Vaults:5)
  9 entropy weavers
  Josephine (D:10)
  22 vault guards
  11 yaktaur captains
  5 ragged hierophants (Desolation)
  3 great orbs of eyes
  2 rakshasas
  2 ogre magi
  9 servants of whispers (Desolation)
  5 peacekeepers
  3 jorogumos (Spider:3)
  An alligator snapping turtle (Shoals:4)
  A catoblepas (Lair:5)
  5 ice dragons
  3 hydras
  2 spriggan skeletons (Depths:2)
  6 ironbound frosthearts
  14 centaur warriors
  3 spriggan air magi
  5 boulder beetles
  4 two-headed ogres
  2 merfolk aquamancers (Shoals:4)
  Erica (Lair:1)
  3 deep troll earth magi
  A satyr (Shoals:4)
  A radroach (Spider:1)
  2 death yaks
  A death yak (shapeshifter) (Vaults:5)
  2 naga warriors (Abyss:3)
  9 dancing weapons
  2 tengu warriors
  2 hell hogs (Abyss:4)
  5 orc high priests
  3 thrashing horrors (Abyss:4)
  2 spriggan berserkers
  A vampire mage (Depths:2)
  A titan zombie (Depths:2)
  Urug (D:10)
  Sonja (Lair:1)
  A hell knight (Depths:4)
  11 large abominations
  15 deep elf knights
  5 wretched stars
  2 sun demons (Abyss:4)
  A pharaoh ant (Spider:1)
  Amaemon (Lair:2)
  2 sea snakes
  A shadow wraith (Abyss:4)
  A sixfirhy (Abyss:3)
  An iron troll (Depths:2)
  28 deep trolls
  3 flayed ghosts
  11 orb spiders
  3 glowing orange brains
  A death drake (shapeshifter) (Abyss:4)
  6 wizards
  6 steelbarb worms
  3 phantasmal warriors
  2 orange crystal statues
  4 necromancers
  7 ironbound convokers
  12 lindwurms
  A wolf spider (shapeshifter) (Vaults:4)
  23 deep elf archers
  A harpy (shapeshifter) (Elf:3)
  11 harpies
  24 deep elf pyromancers
  21 deep elf zephyrmancers
  4 orc knights
  13 wolf spiders
  6 orc sorcerers
  3 worldbinders (Abyss:4)
  A fire giant zombie (Depths:2)
  39 ugly things
  A sphinx skeleton (Depths:2)
  The ghost of omnomnOMINOUS the Trooper, a novice OpWn of the Shining One (D:7)
  6 fauns
  6 cyclopes
  A stone giant zombie (Depths:2)
  A centaur zombie (D:15)
  10 manticores
  22 vault sentinels
  Maurice (Orc:2)
  21 moths of wrath
  4 demonic crawlers
  4 naga magi (D:15)
  9 elephants
  7 merfolk sirens
  A guardian serpent (Abyss:3)
  A torpor snail (shapeshifter) (Depths:3)
  2 molten gargoyles (Lair:5)
  An ice statue (Elf:3)
  Joseph (D:8)
  5 torpor snails
  3 black mambas
  6 water nymphs
  An unseen horror (D:12)
  8 cane toads
  2 fire giant skeletons (Depths:2)
  2 centaur skeletons (D:15)
  4 smoke demons
  A cane toad (shapeshifter) (Depths:3)
  4 hellions
  4 kobold demonologists
  28 yaktaurs
  An efreet (D:13)
  8 ancient zymes (Abyss:4)
  8 komodo dragons
  A red devil (Depths:2)
  2 tengu conjurers (Depths:4)
  12 rime drakes
  A silent spectre (Abyss:4)
  11 merfolk
  18 polar bears
  A troll (D:12)
  A tyrant leech (shapeshifter) (Depths:4)
  A wind drake (Shoals:2)
  24 tarantellas
  12 raiju
  23 blink frogs
  14 dream sheep
  37 saltlings
  9 snapping turtles
  A culicivora (shapeshifter) (Vaults:5)
  5 flying skulls
  15 jumping spiders
  9 culicivoras
  14 slime creatures
  2 centaur simulacra (D:15)
  4 spriggans (Bailey)
  An ettin skeleton (Depths:2)
  34 yaks
  A vampire (Abyss:4)
  6 wyverns
  9 water elementals
  8 wraiths
  2 shadows
  A spriggan (shapeshifter) (Depths:3)
  4 ynoxinuls
  4 fire elementals
  3 steam dragons
  A golden eye (shapeshifter) (Vaults:5)
  7 golden eyes (Abyss:4)
  A human (D:10)
  8 small abominations (Abyss:4)
  A vampire mosquito (D:7)
  5 basilisks
  2 chaos spawn (Abyss:4)
  50 redbacks
  A neqoxec (Abyss:4)
  2 nagas (Abyss:3)
  2 acid dragons
  10 water moccasins
  20 orc warriors
  2 hell hounds (Lair:5)
  A black bear (D:6)
  A sky beast (D:8)
  2 ice beasts
  11 ogres
  3 centaurs
  9 wolves
  2 nameless horrors
  A phantom (D:7)
  7 bullfrogs
  4 earth elementals
  6 kobold brigands
  2 necrophages
  4 scorpions
  A wight (D:7)
  3 killer bees (D:9)
  6 electric eels (D:10)
  A crimson imp (D:10)
  6 lava snakes
  2 quasits (Abyss:4)
  A hound (D:6)
  6 jellies
  16 orc priests
  2 iron imps (Abyss:3)
  4 starcursed masses (Abyss:4)
  A gnoll bouda (Orc:1)
  5 iguanas
  A hell rat (Sewer)
  16 orc wizards
  Natasha (thrice) (D:3)
  A mummy (Ossuary)
  9 gnolls
  6 adders
  3 river rats (D:11)
  4 white imps
  An ufetubus (Abyss:3)
  4 worms
  56 orcs
  A ball python (D:1)
  3 bats (D:1)
  4 endoplasms
  5 giant cockroaches
  6 goblins
  4 hobgoblins
  4 jackals (D:4)
  14 kobolds
  A quokka (D:3)
  A frilled lizard (D:3)
  2 goblin zombies
  A kobold zombie (Ossuary)
  A quokka zombie (D:8)
  5 rats
  3 briar patches (Abyss:4)
  A creeping inferno (Zot:4)
  2 fire vortices (Zot:4)
  2 starspawn tentacles
1766 creatures vanquished.

Vanquished Creatures (others)
  A titan (Depths:3)
  18 eldritch tentacles
  Gastronok (Lair:2)
  A fire giant (Depths:2)
  A deep elf sorcerer (Elf:3)
  An emperor scorpion (Spider:4)
  A draconian stormcaller (Zot:3)
  A vault warden (Vaults:3)
  An ironbound thunderhulk (Vaults:4)
  A stone giant (Depths:3)
  A black draconian (Zot:3)
  A deep elf death mage (Elf:3)
  A fire dragon (Depths:1)
  A merfolk javelineer (Shoals:3)
  4 merfolk impalers
  A servant of whispers (Desolation)
  A vault guard (D:14)
  5 hydras
  6 death yaks
  2 centaur warriors
  A merfolk aquamancer (Shoals:3)
  8 two-headed ogres
  A tengu warrior (D:15)
  3 deep elf knights
  A deep troll (Vaults:2)
  3 sea snakes
  4 harpies (Shoals:2)
  A lindwurm (Vaults:1)
  4 deep elf pyromancers
  An orc knight (Orc:2)
  A harpy (shapeshifter) (Elf:2)
  3 ugly things
  A moth of wrath (Zot:4)
  4 manticores
  4 fauns
  4 elephants
  3 black mambas
  A black mamba (shapeshifter) (Abyss:4)
  A vault sentinel (Vaults:5)
  2 cane toads
  2 water nymphs (Shoals:1)
  An orange demon (Lair:2)
  A rime drake (IceCv)
  4 komodo dragons
  A yaktaur (Vaults:1)
  2 polar bears (IceCv)
  12 merfolk
  A troll (D:9)
  3 blink frogs
  A dream sheep (Shoals:1)
  A centaur simulacrum (D:14)
  A snapping turtle (Shoals:3)
  A spriggan (Bailey)
  A jumping spider (Spider:3)
  14 yaks
  A fire bat (Abyss:4)
  4 water elementals
  2 wyverns
  A vampire mosquito (D:15)
  A steam dragon (Lair:5)
  5 orc warriors
  A human (D:8)
  2 ogres
  A wolf (Lair:2)
  2 wights (D:7)
  A nameless horror (Spider:3)
  An iguana (D:7)
  2 orc wizards
  2 gnolls
  2 orcs (Orc:2)
  5 briar patches (Abyss:4)
  51 fungi
  2 lurking horrors (Abyss:4)
  228 plants
  57 snaplasher vines
  12 starspawn tentacles
  2 withered plants (Zot:4)
532 creatures vanquished.

Grand Total: 2938 creatures vanquished

Notes
Turn   | Place    | Note
-------+----------+-------------------------------------------
     0 | D:1      | ragingrage the Barachi Summoner began the quest for the
                  | Orb.
     0 | D:1      | Reached XP level 1. HP: 13/13 MP: 3/3
   199 | D:1      | Reached XP level 2. HP: 15/19 MP: 3/5
   238 | D:1      | Reached skill level 5 in Summonings
   482 | D:1      | Learned a level 2 spell: Call Imp
  1038 | D:2      | Reached XP level 3. HP: 23/24 MP: 6/6
  1112 | D:2      | Found a faded altar of an unknown god.
  1270 | D:2      | Learned a level 3 spell: Call Canine Familiar
  1986 | D:3      | Reached XP level 4. HP: 30/30 MP: 5/7
  2073 | D:3      | Noticed Ijyb
  2094 | D:3      | Killed Ijyb
  2161 | D:3      | Reached skill level 6 in Summonings
  2268 | D:3      | Noticed Natasha
  2274 | D:3      | Killed Natasha
  2275 | D:3      | Reached XP level 5. HP: 30/35 MP: 2/8
  2493 | D:3      | Noticed Natasha
  2501 | D:3      | Killed Natasha
  2553 | D:3      | Noticed Natasha
  2563 | D:3      | Killed Natasha
  3074 | D:4      | Reached skill level 7 in Summonings
  3074 | D:4      | Reached XP level 6. HP: 32/41 MP: 3/9
  3205 | D:4      | Learned a level 3 spell: Summon Guardian Golem
  3579 | D:4      | Reached skill level 1 in Armour
  3808 | D:4      | Reached XP level 7. HP: 46/46 MP: 4/11
  4127 | D:5      | Entered Level 5 of the Dungeon
  4138 | D:5      | Reached skill level 1 in Maces & Flails
  4138 | D:5      | Reached skill level 8 in Summonings
  4625 | D:5      | Identified the +0 leather armour "Kel Xosa" {Rampage Str-5
                  | Dex+4}
  4958 | D:5      | Found a basalt altar of Yredelemnul.
  5091 | D:5      | Found a glowing golden altar of the Shining One.
  5091 | D:5      | Found a hazy altar of Hepliaklqana.
  5092 | D:5      | Found an ornate altar of the Wu Jian Council.
  5092 | D:5      | Found a shimmering altar of Xom.
  5092 | D:5      | Found a radiant altar of Vehumet.
  5235 | D:6      | Reached XP level 8. HP: 36/52 MP: 6/13
  5409 | D:6      | Found a staircase to the Ecumenical Temple.
  5415 | Temple   | Entered the Ecumenical Temple
  5472 | D:6      | Learned a level 4 spell: Summon Lightning Spire
  5486 | D:6      | Found a burning altar of Makhleb.
  5561 | D:6      | Found a glowing drain.
  5581 | Sewer    | Entered a sewer
  5784 | Sewer    | Reached skill level 9 in Summonings
  6104 | D:6      | Reached skill level 1 in Air Magic
  6200 | D:6      | Reached skill level 1 in Hexes
  6214 | D:6      | Reached skill level 5 in Stealth
  6519 | D:6      | Noticed Prince Ribbit
  6530 | D:6      | Killed Prince Ribbit
  6994 | D:6      | Reached skill level 10 in Summonings
  6994 | D:6      | Reached XP level 9. HP: 57/57 MP: 15/15
  7250 | D:7      | Learned a level 3 spell: Spider Form
  7392 | D:7      | Found a runed translucent gate.
  7392 | D:7      | Found a runed translucent gate.
  7392 | D:7      | Found a runed translucent gate.
  7392 | D:7      | Found an opulent altar of Gozag.
  7393 | D:7      | Noticed omnomnOMINOUS's ghost (novice OpWn)
  8026 | D:7      | Found a shimmering blue altar of Sif Muna.
  8173 | D:8      | Noticed a two-headed ogre
  8193 | D:8      | Found an ancient bone altar of Kikubaaqudgha.
  8214 | D:8      | Reached skill level 11 in Summonings
  8219 | D:8      | Found a sand-covered staircase.
  8245 | Ossuary  | Entered an ossuary
  8902 | D:8      | Killed a two-headed ogre
  8903 | D:8      | Reached skill level 12 in Summonings
  8914 | D:8      | Noticed Joseph
  8928 | D:8      | Killed Joseph
  8929 | D:8      | Reached skill level 13 in Summonings
  8929 | D:8      | Reached XP level 10. HP: 42/63 MP: 6/16
  9203 | D:8      | Found a stormy altar of Qazlal.
  9373 | D:8      | Found a snail-covered altar of Cheibriados.
  9634 | D:8      | Reached skill level 1 in Fighting
  9634 | D:8      | Reached skill level 1 in Evocations
  9781 | D:9      | Paralysed by a hornet for 2 turns
  9850 | D:9      | Found a flagged portal.
 10004 | Bailey   | Entered a bailey
 10339 | Bailey   | Reached skill level 14 in Summonings
 10655 | Bailey   | Noticed a two-headed ogre
 10798 | Bailey   | Killed a two-headed ogre
 10799 | Bailey   | Reached skill level 5 in Spellcasting
 11234 | D:9      | Found an ornate altar of the Wu Jian Council.
 11254 | D:9      | Reached XP level 11. HP: 76/76 MP: 12/18
 11359 | D:9      | Found Xytal's Distillery.
 11367 | D:9      | Bought a potion of haste for 140 gold pieces
 11367 | D:9      | Bought a potion of cancellation for 112 gold pieces
 11567 | D:9      | Found a broken altar of Ashenzari.
 11710 | D:9      | Reached skill level 5 in Dodging
 11860 | D:10     | Entered Level 10 of the Dungeon
 11901 | D:10     | Noticed Josephine
 11915 | D:10     | Killed Josephine
 11925 | D:10     | Reached skill level 5 in Fighting
 11925 | D:10     | Reached skill level 15 in Summonings
 12080 | D:10     | Noticed Nergalle
 12318 | D:10     | Killed Nergalle
 12433 | D:10     | Noticed Urug
 12461 | D:10     | Noticed a two-headed ogre
 12474 | D:10     | Killed a two-headed ogre
 12475 | D:10     | Reached skill level 5 in Air Magic
 12475 | D:10     | Reached skill level 5 in Evocations
 12745 | D:10     | Noticed a centaur warrior
 12790 | D:10     | Found a hazy altar of Hepliaklqana.
 12873 | D:10     | Found a glowing silver altar of Zin.
 12873 | D:10     | Found a white marble altar of Elyvilon.
 12873 | D:10     | Found a glowing golden altar of the Shining One.
 13215 | D:10     | Found a sparkling altar of Nemelex Xobeh.
 13215 | D:10     | Found a sacrificial altar of Ru.
 13491 | D:10     | Became a worshipper of Ru the Awakened
 13625 | D:10     | Noticed a two-headed ogre
 13649 | D:10     | Killed a two-headed ogre
 13802 | D:11     | Noticed a manticore
 14398 | D:11     | Killed a manticore
 14399 | D:11     | Reached XP level 12. HP: 72/88 MP: 18/21
 14512 | D:11     | Noticed a fire dragon
 14512 | D:11     | Noticed a boulder beetle
 14522 | D:11     | Noticed a four-headed hydra
 14543 | D:11     | Noticed a death yak
 14543 | D:11     | Noticed a death yak
 14560 | D:11     | Killed a death yak
 14781 | D:11     | Noticed a two-headed ogre
 14796 | D:11     | Killed a two-headed ogre
 14944 | D:11     | Noticed a death yak
 14961 | D:11     | Killed a death yak
 14964 | D:11     | Noticed a soul eater
 14988 | D:11     | Killed a death yak
 15396 | D:11     | Found a staircase to the Lair.
 15882 | D:11     | Found a staircase to the Orcish Mines.
 15930 | D:11     | Reached skill level 16 in Summonings
 16259 | Lair:1   | Entered Level 1 of the Lair of Beasts
 17056 | Lair:1   | Gained mutation: You cannot study or use magical devices.
                  | [Ru sacrifice]
 17056 | Lair:1   | Reached * piety under Ru
 17056 | Lair:1   | Reached ** piety under Ru
 17083 | Lair:1   | Noticed Erica
 17677 | Lair:1   | Gained mutation: You can hop long distances. [Barachi
                  | growth]
 17677 | Lair:1   | Reached XP level 13. HP: 94/101 MP: 8/22
 17880 | Lair:1   | Killed Erica
 17957 | Lair:1   | Noticed Sonja
 18314 | Lair:1   | Killed Sonja
 18315 | Lair:1   | Reached skill level 17 in Summonings
 18526 | Lair:1   | Reached skill level 10 in Fighting
 18874 | Lair:2   | Noticed Amaemon
 18969 | Lair:2   | Found a hole to the Spider Nest.
 19166 | Lair:2   | Found a staircase to the Shoals.
 19175 | Lair:2   | Reached skill level 10 in Dodging
 19308 | Lair:2   | Noticed Gastronok
 19356 | Lair:2   | Killed Gastronok
 20645 | Lair:2   | Killed Amaemon
 21708 | Lair:3   | Noticed Fannar
 21866 | Lair:3   | Killed Fannar
 21869 | Lair:3   | Gained mutation: You are somewhat unskilled. (-1 Apt) [Ru
                  | sacrifice]
 21869 | Lair:3   | Reduced skill Summonings to level 15
 21869 | Lair:3   | Reduced skill Air Magic to level 5
 21869 | Lair:3   | Reached *** piety under Ru
 22393 | Lair:4   | Found a staircase to the Slime Pits.
 22666 | Lair:4   | Reached XP level 14. HP: 114/114 MP: 15/23
 22841 | Lair:4   | Reached skill level 5 in Armour
 23690 | Lair:4   | Reached skill level 1 in Shields
 24786 | Lair:5   | Entered Level 5 of the Lair of Beasts
 26634 | Lair:5   | Reached skill level 5 in Shields
 26788 | Lair:5   | Gained mutation: You are slightly weak-willed. (Will-) [Ru
                  | sacrifice]
 26788 | Lair:5   | Reached **** piety under Ru
 26788 | Lair:5   | Reached ***** piety under Ru
 26896 | Lair:5   | Reached XP level 15. HP: 124/124 MP: 20/27
 26899 | Lair:5   | Reached XP level 16. HP: 132/132 MP: 21/29
 26920 | Lair:5   | Reached skill level 16 in Summonings
 26923 | Lair:5   | Found a large runed translucent door.
 26923 | Lair:5   | Found a large runed translucent door.
 28245 | Orc:1    | Entered Level 1 of the Orcish Mines
 28252 | Orc:1    | Learned a level 5 spell: Freezing Cloud
 28337 | Orc:2    | Entered Level 2 of the Orcish Mines
 28512 | Orc:2    | Reached skill level 1 in Ice Magic
 29200 | Orc:2    | Found a staircase to the Elven Halls.
 30110 | Orc:2    | Noticed Maurice
 30132 | Orc:2    | Killed Maurice
 30464 | Orc:2    | Found Woera's Antique Armour Emporium.
 30465 | Orc:2    | Found Xesmach's Antique Weapon Emporium.
 30468 | Orc:2    | Found Enourip's General Store.
 30468 | Orc:2    | Found Nusig's Book Shoppe.
 30473 | Orc:2    | Bought a glowing buckler for 270 gold pieces
 30494 | Orc:2    | Bought a scroll of blinking for 105 gold pieces
 30506 | Orc:2    | Bought a shiny ring mail for 252 gold pieces
 30669 | D:13     | Reached skill level 5 in Maces & Flails
 30669 | D:13     | Reached skill level 10 in Dodging
 31202 | D:13     | Found a hide-covered altar of Uskayaw.
 31216 | D:13     | Gained mutation: You cannot study or cast Earth magic. [Ru
                  | sacrifice]
 31216 | D:13     | Gained mutation: You cannot study or cast Transmutations
                  | magic. [Ru sacrifice]
 31216 | D:13     | Gained mutation: You cannot study or cast Conjurations
                  | magic. [Ru sacrifice]
 31507 | D:14     | Identified the +8 war axe "Ybriutioj" {heavy, rElec rN+
                  | Int-5}
 31543 | D:14     | Noticed Lodul
 31550 | D:14     | Killed Lodul
 31611 | D:14     | Paralysed by an ogre mage for 3 turns
 32544 | D:14     | You fall into a shaft and drop 1 floor!
 32544 | D:15     | Entered Level 15 of the Dungeon
 33331 | D:14     | Found a gate to the Vaults.
 33872 | D:15     | Reached XP level 17. HP: 135/140 MP: 28/30
 33892 | D:15     | Found a white marble altar of Elyvilon.
 34021 | D:15     | Noticed Louise
 34681 | D:15     | Gained mutation: You are dopey. (Int -2) [Ru sacrifice]
 34681 | D:15     | Reached ****** piety under Ru
 34792 | D:15     | Learned a level 4 spell: Olgreb's Toxic Radiance
 35047 | Shoals:1 | Entered Level 1 of the Shoals
 35294 | Shoals:1 | Reached skill level 1 in Poison Magic
 36596 | Shoals:2 | Noticed Frances
 36918 | Shoals:2 | Reached skill level 5 in Poison Magic
 37473 | Shoals:2 | Found Joqay's Antique Armour Boutique.
 37482 | Shoals:2 | Bought an ichor-stained ring mail for 225 gold pieces
 37482 | Shoals:2 | Identified the +0 ring mail of Pragmatism {Rampage Int+2}
                  | (You bought it in a shop on level 2 of the Shoals)
 37482 | Shoals:2 | Bought a robe for 17 gold pieces
 37484 | Shoals:2 | Bought a slimy ring mail for 225 gold pieces
 37484 | Shoals:2 | Identified the +1 ring mail "Linian" {rF+} (You bought it
                  | in a shop on level 2 of the Shoals)
 37631 | Shoals:2 | Killed Frances
 38826 | Shoals:3 | Identified the +2 robe of Ytilesch {Harm rCorr Dex-2
                  | Archmagi}
 39697 | Shoals:4 | Entered Level 4 of the Shoals
 39841 | Shoals:4 | Noticed Donald
 39953 | Shoals:3 | Killed Donald
 41579 | Shoals:4 | Reached XP level 18. HP: 114/131 MP: 22/31
 42169 | Shoals:4 | Reached skill level 15 in Fighting
 42629 | Shoals:4 | Learned a level 5 spell: Summon Forest
 42635 | Shoals:4 | Learned a level 5 spell: Summon Mana Viper
 42642 | Shoals:4 | Learned a level 6 spell: Summon Cactus Giant
 42738 | Shoals:4 | Got a barnacled rune of Zot
 43189 | Shoals:4 | Got the Lessons on the Oath
 43668 | Spider:1 | Entered Level 1 of the Spider Nest
 43763 | Spider:1 | Reached skill level 1 in Translocations
 43951 | Spider:1 | Reached skill level 10 in Spellcasting
 44934 | Spider:2 | Reached skill level 17 in Summonings
 45491 | Spider:2 | Reached skill level 5 in Hexes
 46308 | Spider:2 | Noticed Aizul
 46352 | Spider:2 | Killed Aizul
 47321 | Spider:3 | Reached XP level 19. HP: 150/151 MP: 29/33
 47455 | Spider:3 | Noticed Bai Suzhen
 47496 | Spider:3 | Killed Bai Suzhen
 48378 | Spider:4 | Entered Level 4 of the Spider Nest
 48562 | Spider:4 | Reached skill level 5 in Translocations
 48564 | Spider:4 | Reached skill level 10 in Stealth
 49226 | Spider:4 | Reached skill level 18 in Summonings
 50333 | Spider:4 | Identified the +2 pair of gloves "Rufadim" {Str+3}
 50373 | Spider:4 | Got a gossamer rune of Zot
 50798 | Elf:1    | Entered Level 1 of the Elven Halls
 50824 | Elf:1    | Reached skill level 19 in Summonings
 50902 | Elf:1    | Found a crumbling gateway.
 50920 | Desolati | Entered the Desolation of Salt
 50945 | Desolati | Reached XP level 20. HP: 162/162 MP: 29/35
 50991 | Desolati | Reached skill level 20 in Summonings
 51239 | Desolati | Got the Reference Book on the Torch
 51255 | Desolati | Identified the ring of Upposmutuf {Fly SInv}
 51686 | Desolati | Found the +5 robe of Night {Dark Will+ SInv}
 51690 | Desolati | Identified the amulet of Urgheuv {rF+ Regen+ rCorr}
 51783 | Desolati | Identified the +9 war axe of the Antique God {protect,
                  | Dex+6}
 51952 | Desolati | Identified the amulet of Ircheimo {Reflect Int+3 SH+5}
 53549 | Elf:2    | Noticed Nikola
 53601 | Elf:2    | Noticed Jorgrun
 53615 | Elf:2    | Killed Jorgrun
 54289 | Elf:2    | Found a runed translucent gate.
 54290 | Elf:2    | Found a runed translucent gate.
 54290 | Elf:2    | Found a runed translucent gate.
 54433 | Elf:2    | Killed Nikola
 55071 | Elf:3    | Entered Level 3 of the Elven Halls
 55091 | Elf:3    | Found Xozihu's General Store.
 55091 | Elf:3    | Found Itridi's Book Emporium.
 55097 | Elf:3    | Found Koofiffa's Distillery.
 55118 | Elf:3    | Reached XP level 21. HP: 146/164 MP: 28/37
 55141 | Elf:3    | Found a frozen archway.
 55158 | IceCv    | Entered an ice cave
 57409 | IceCv    | Got the Anthology of Points
 57413 | IceCv    | Identified the +3 pair of boots "Loegyid" {rPois rF+ Int+3
                  | Dex-5}
 57724 | Elf:3    | Bought a potion of haste for 210 gold pieces
 57724 | Elf:3    | Bought a potion of invisibility for 168 gold pieces
 57724 | Elf:3    | Bought a potion of curing for 63 gold pieces
 57754 | Elf:3    | Bought a scroll of teleportation for 36 gold pieces
 57807 | Elf:3    | Found the +5 scythe "Finisher" {speed, eviscerate}
 57998 | Elf:3    | Found Qamme's Antique Armour Boutique.
 58010 | Elf:3    | Bought an ancient buckler for 266 gold pieces
 58010 | Elf:3    | Identified the +2 buckler "Caymopu" {rC+} (You bought it in
                  | a shop on level 3 of the Elven Halls)
 58017 | Elf:3    | Bought a pair of embroidered gloves for 210 gold pieces
 58037 | Elf:3    | Reached skill level 1 in Polearms
 58058 | Elf:3    | Reached skill level 10 in Armour
 59172 | Elf:3    | Identified the +9 mace of Dried Tears {holy, MP+9}
 59483 | Elf:3    | Identified the +9 whip "Loymnud" {heavy, rPois Str+8}
 59483 | Elf:3    | Identified the amulet "Estyoth" {RegenMP rF- rN+ SInv}
 59615 | Elf:3    | Identified the ring "Antiudif" {Wiz Str+4}
 59985 | Abyss:3  | Cast into level 3 of the Abyss (a deep elf sorcerer)
 60399 | Abyss:4  | Found a corrupted altar of Lugonu.
 60452 | Abyss:4  | Reached XP level 22. HP: 168/181 MP: 34/39
 60454 | Elf:3    | Escaped the Abyss
 60457 | Elf:3    | Identified the amulet "Dull" {Spirit rC+++ Str-2 Dex-5
                  | Slay+5}
 60464 | Elf:3    | Reached skill level 5 in Polearms
 60710 | Elf:3    | Identified the +0 mace "Wyutoc" {freeze, rC+ Int+3}
 60783 | Elf:3    | Identified the +4 scale mail of Existentialism {Regen+
                  | Stlth+}
 61087 | Elf:3    | Learned a level 2 spell: Blink
 61090 | Elf:3    | Got the Opusculum on Inhalation and Changes
 61148 | Elf:3    | Identified the +4 sling "Frog's Curse" {freeze, rF+ Will+
                  | Dex+2}
 61469 | Elf:1    | Learned a level 3 spell: Ozocubu's Armour
 61705 | Vaults:1 | Entered Level 1 of the Vaults
 62781 | Vaults:1 | Reached skill level 21 in Summonings
 64034 | Vaults:2 | Reached skill level 5 in Ice Magic
 65530 | Vaults:2 | Found a staircase to the Crypt.
 65708 | Vaults:3 | Reached XP level 23. HP: 178/187 MP: 31/41
 65771 | Vaults:3 | Reached skill level 15 in Armour
 65771 | Vaults:3 | Reached XP level 24. HP: 195/195 MP: 41/41
 66160 | Vaults:3 | Learned a level 7 spell: Malign Gateway
 67420 | Vaults:3 | Reached skill level 10 in Polearms
 67852 | Vaults:4 | Noticed Boris
 67866 | Vaults:4 | Killed Boris
 68759 | Vaults:4 | Identified the +10 rapier "Mirusku" {elec, rElec rF- rC++
                  | Int+9}
 69141 | Vaults:4 | Found Suebu's Armour Emporium.
 69271 | Vaults:5 | Entered Level 5 of the Vaults
 70038 | D:15     | Killed Louise
 70344 | D:15     | Found a staircase to the Depths.
 70353 | Depths:1 | Entered Level 1 of the Depths
 70361 | Depths:1 | Noticed Mara
 70369 | Depths:1 | Noticed ragingrage's illusion
 70370 | Depths:1 | Killed Mara
 70528 | Depths:1 | Reached XP level 25. HP: 172/174 MP: 17/41
 70657 | Depths:1 | Found a shadowy altar of Dithmenos.
 70750 | Depths:1 | Noticed Boris
 70771 | Depths:1 | Killed Boris
 71427 | Depths:1 | Found a gateway to Hell.
 71668 | Depths:1 | Paralysed by a vampire knight for 4 turns
 73726 | Depths:2 | Found a runed translucent gate.
 73726 | Depths:2 | Found a runed translucent gate.
 73729 | Depths:2 | Found an ancient bone altar of Kikubaaqudgha.
 73729 | Depths:2 | Found a runed translucent gate.
 73732 | Depths:2 | Noticed a dread lich
 73733 | Depths:2 | Noticed Gucom's ghost (veteran GnFi)
 73740 | Depths:2 | Found a one-way gate leading to the halls of Pandemonium.
 74259 | Depths:2 | Found Dead's Overcharged Wands.
 74747 | Depths:2 | Paralysed by a vampire knight for 2 turns
 75174 | Depths:2 | Identified the +1 robe of Tempters {rC+ Str+4 Stlth+}
 75397 | Depths:2 | Identified the +1 chain mail of the Pleiades {rN+ Regen+}
 75652 | Depths:2 | Learned a level 7 spell: Summon Hydra
 76032 | Vaults:5 | Paralysed by a hornet for 1 turns
 76398 | Vaults:5 | Noticed a juggernaut
 76407 | Vaults:5 | Killed a juggernaut
 76735 | Vaults:5 | Reached skill level 1 in Short Blades
 76943 | Vaults:5 | Reached XP level 26. HP: 171/171 MP: 28/41
 77733 | Vaults:5 | Reached skill level 15 in Spellcasting
 78285 | Vaults:5 | Found Decuw's Antique Weapon Shop.
 78292 | Vaults:5 | Bought a brightly glowing trident for 212 gold pieces
 78292 | Vaults:5 | Identified the +7 trident "Pont" {holy, Str+2} (You bought
                  | it in a shop on level 5 of the Vaults)
 78595 | Vaults:5 | Got the Guide on Unholy Beckoning
 78605 | Vaults:5 | Got a silver rune of Zot
 78606 | Vaults:5 | Upgraded the game from 0.30-a0-613-gdd512c7efb to
                  | 0.30-a0-618-gd6c86c23d0
 79684 | Depths:3 | Reached skill level 22 in Summonings
 79710 | Depths:3 | Noticed a juggernaut
 79737 | Depths:3 | Killed a juggernaut
 80388 | Depths:3 | Noticed a juggernaut
 80409 | Depths:3 | Killed a juggernaut
 80410 | Depths:3 | Reached skill level 5 in Short Blades
 80577 | Depths:3 | Found a one-way gate to the infinite horrors of the Abyss.
 80683 | Depths:3 | Found Niunocir's Jewellery Shoppe.
 80685 | Depths:3 | Found Liduapna's Antique Armour Emporium.
 80690 | Depths:3 | Bought the amulet of Vitality {RegenMP++ Regen++} for 1300
                  | gold pieces
 80690 | Depths:3 | Found the amulet of Vitality {RegenMP++ Regen++}
 80712 | Depths:3 | Bought a pair of steaming gloves for 304 gold pieces
 80712 | Depths:3 | Identified the +2 pair of gloves of the Exiled Mice {rPois
                  | Str+3} (You bought it in a shop on level 3 of the Depths)
 81036 | Depths:3 | Found a stormy altar of Qazlal.
 81660 | Depths:4 | Entered Level 4 of the Depths
 81944 | Depths:4 | Found a one-way gateway to a ziggurat.
 82135 | Depths:4 | Found a gate to the Realm of Zot.
 82435 | Depths:4 | Found Sion's General Store.
 82614 | Depths:4 | Found a corrupted altar of Lugonu.
 82648 | Depths:4 | Found a transporter.
 83203 | Depths:4 | Bought a potion of mutation for 152 gold pieces
 83343 | Zot:1    | Entered Level 1 of the Realm of Zot
 83416 | Zot:1    | Reached XP level 27. HP: 188/223 MP: 7/42
 83508 | Zot:1    | Learned a level 9 spell: Dragon's Call
 83862 | Zot:1    | Identified the ring "Fugesir" {Wiz rCorr}
 83951 | Zot:1    | Reached skill level 23 in Summonings
 84707 | Zot:2    | Reached skill level 24 in Summonings
 85635 | Zot:3    | Reached skill level 25 in Summonings
 85782 | Zot:3    | Found a transporter.
 85827 | Zot:3    | Noticed an orb of fire
 85831 | Zot:3    | Killed an orb of fire
 86018 | Zot:3    | Found a transporter.
 87358 | Zot:4    | Found a runed translucent door.
 87358 | Zot:4    | Noticed Zeaxzic Paph's ghost (veteran OgBe)
 87561 | Zot:5    | Entered Level 5 of the Realm of Zot
 87569 | Zot:5    | Found a runed translucent door.
 87570 | Zot:5    | Found a shimmering altar of Xom.
 87570 | Zot:5    | Noticed Zeaxzic Paph's ghost (veteran OgBe)
 87777 | Zot:5    | Reached skill level 15 in Dodging
 87786 | Zot:5    | Noticed a dread lich
 87803 | Zot:5    | Killed a dread lich
 88493 | Depths:2 | Killed a dread lich
 88502 | Depths:2 | Killed Gucom's ghost
 88512 | Depths:2 | Identified the +0 pair of boots of the Amoeba {rElec rF+
                  | Int+8 Dex-5}
 88610 | Depths:2 | Identified the ring "Leycs" {rF- rN+ rCorr MP+9}
 89232 | D:7      | Killed omnomnOMINOUS's ghost
 89382 | D:10     | Killed Urug
 89977 | Zot:4    | Killed Zeaxzic Paph's ghost
 90070 | Zot:5    | Killed Zeaxzic Paph's ghost
 91069 | Zot:5    | Noticed an ancient lich
 91076 | Zot:5    | Killed an ancient lich
 91147 | Zot:5    | Noticed an ancient lich
 91222 | Zot:5    | Noticed an ancient lich
 91228 | Zot:5    | Killed an ancient lich
 91271 | Zot:5    | Learned a level 3 spell: Swiftness
 91293 | Zot:5    | Noticed an ancient lich
 91300 | Zot:5    | Killed an ancient lich
 91302 | Zot:5    | Noticed an orb of fire
 91316 | Zot:5    | Killed an orb of fire
 91438 | Zot:5    | Noticed an ancient lich
 91442 | Zot:5    | Killed an ancient lich
 91443 | Zot:5    | Reached skill level 26 in Summonings
 91573 | Zot:5    | Noticed an ancient lich
 91575 | Zot:5    | Noticed a dread lich
 91584 | Zot:5    | Killed a dread lich
 91585 | Zot:5    | Killed an ancient lich
 91695 | Zot:5    | Noticed an orb of fire
 91705 | Zot:5    | Killed an orb of fire
 91711 | Zot:5    | Killed an ancient lich
 91772 | Zot:5    | Identified the +1 chain mail "Xiveosk" {+Inv rC+ Int+3}
 91986 | Depths:4 | Voluntarily entered the Abyss.
 92039 | Abyss:4  | Found a corrupted altar of Lugonu.
 92070 | Abyss:4  | Found a corrupted altar of Lugonu.
 92072 | Abyss:4  | Found a corrupted altar of Lugonu.
 92072 | Abyss:4  | Found a corrupted altar of Lugonu.
 92148 | Abyss:4  | Found a corrupted altar of Lugonu.
 92164 | Abyss:4  | Found a corrupted altar of Lugonu.
 92166 | Abyss:4  | Found a runed translucent door.
 92332 | Abyss:4  | Noticed an ancient lich
 92381 | Abyss:4  | Killed an ancient lich
 92454 | Abyss:4  | Found a corrupted altar of Lugonu.
 92505 | Abyss:4  | Found a corrupted altar of Lugonu.
 92680 | Depths:4 | Escaped the Abyss
 93120 | Zot:5    | Got the Orb of Zot
 93729 | D:$      | Escaped with the Orb!

Illustrated notes

Levels and vault maps discovered:
D:1:      sevenhm_arrival_forest_fort_small_6, layout_loops_ring
D:2:      layout_basic, shapermc_ecumenical_altar_notcrosses,
          kennysheep_pointless_box
D:3:      layout_rooms, uniq_natasha, uniq_ijyb
D:4:      layout_loops_corners, nicolae_wormholes
D:5:      layout_loops_ring, doesnt_xom_only_xom, serial_bayou,
          serial_bayou_lagoon_b, serial_bayou_pond_b, serial_bayou_lake_a,
          serial_bayou_pond_d, serial_bayou_lagoon_a, serial_bayou_crossing
D:6:      layout_layer_cave, mainiacjoe_overflow_alcove_1,
          minmay_temple_entry_enclosed_plants, gup_sewer_entry_bowl,
          uniq_prince_ribbit1
D:7:      layout_rooms, kennysheep_mini_moat, ebering_ghost_gozag
D:8:      layout_loops_ring, mainiacjoe_overflow_tiny_flanked,
          tgw_kikubaaqudgha, mainiacjoe_overflow_alcove_2, enter_ossuary_4,
          minivault_1, chequers_serial_rivers_small_b, uniq_joseph
D:9:      layout_roguey, nicolae_wu_jian_wuxing_cycle,
          cheibrodos_ashenzari_chains, enter_bailey_4, serial_shops,
          nicolae_shop_behind_doors
D:10:     cheibrodos_two_vegetables, layout_loops_cross,
          dreamdust_divine_triumvirate, worldfamousw_hep_ancestral_shrine,
          nicolae_overflow_two_pavilions, grunt_decor_one_mirror,
          hangedman_stone_soup, uniq_josephine, uniq_nergalle, uniq_urug
D:11:     layout_loops_ring, dpeg_lair_monsters,
          kennysheep_orc_monster_closet_entryway, minivault_12
D:12:     layout_basic, serial_glass, glass_columns_b, glass_columns_c,
          glass_columns_c, glass_columns_b, glass_columns_a, glass_columns_b,
          glass_columns_a, glass_columns_a, glass_columns_c, glass_columns_b,
          due_unseen_surprise
D:13:     layout_small_grid, nicolae_uskayaw_murder_on_the_dancefloor
D:14:     layout_long_grid, david_vaults_5, roderic_lattice_a, uniq_lodul
D:15:     grunt_enter_depths_magical_seal, layout_stronghold,
          serial_co_window_serial, co_window_cross_1, co_window_paths_a,
          co_window_corner_a, co_window_paths_a, co_window_corner_a,
          co_window_unsneaky_path_b, co_window_cross_3,
          co_window_of_opportunity_b, co_window_unsneaky_path_a,
          co_window_broadway_c, co_window_paths_d, glass_columns_c,
          glass_columns_a, nicolae_elyvilon_temple_path, uniq_louise
Temple:   nicolae_temple_ecumenical_triangle
Lair:1:   layout_gridlike, st_stairs_6, beast_lair_carwin_9, uniq_erica,
          uniq_sonja
Lair:2:   layout_cave_pods, minmay_shoals_entry_lonely_mermaid,
          nicolae_spider_entry_non_spiders, nzn_sisyphean_effort,
          grunt_megastairs_1, uniq_amaemon, uniq_gastronok
Lair:3:   layout_chaotic_city, st_stairs_3, uniq_fannar
Lair:4:   layout_cave_pods, nicolae_slime_entry_field_trip,
          kennysheep_basilisk_garden
Lair:5:   cheibrodos_lair_end_hotspot, layout_regular_city
Shoals:1: layout_shoals, nicolae_shoals_nymph_descending_staircase
Shoals:2: layout_shoals, serial_shops, shop, uniq_frances
Shoals:3: layout_shoals
Shoals:4: shoals_end_simple, layout_shoals, uniq_donald
Spider:1: layout_spider_delve
Spider:2: layout_spider_delve, nicolae_spider_not_touching_you, uniq_aizul
Spider:3: layout_spider_delve, nicolae_spider_moth_buddies, uniq_bai_suzhen
Spider:4: grunt_spider_rune_circles, hive_lemuel
Orc:1:    layout_caves
Orc:2:    st_orc_congregation, layout_caves, uniq_maurice
Elf:1:    nicolae_elf_arrival_no_cutting_in_line, layout_loops_cross,
          portal_desolation_entry_nicolae_nacl, minmay_elf_sorcery, minivault_27
Elf:2:    nicolae_elf_blades_crystal_corner, layout_gridlike, minivault_15,
          drop_trap, minivault_19, uniq_nikola, uniq_jorgrun
Elf:3:    minmay_elf_hall_golems, layout_loops_cross, serial_shops,
          nicolae_shop_window_shopping, shop, shop, shop,
          serial_co_window_serial, co_window_paths_b, co_window_corner_a,
          co_window_corner_a, co_window_paths_a, co_window_corner_a,
          co_window_2corner, co_window_of_opportunity_b, co_window_corner_cb,
          glass_columns_a, glass_columns_b, glass_columns_b,
          portal_ice_cave_entry_ice_statue_one
Vaults:1: nicolae_vaults_big_angled_halls, v_misc_23, v_misc_3, v_misc_14,
          ontoclasm_vaults_loading_screen, nicolae_vaults_yaktaur_gun_rack,
          v_misc_17, hangedman_vaults_locks, ontoclasm_vaults_claustrophobia,
          ontoclasm_vaults_spin, v_misc_9, hangedman_vaults_stream,
          vaults_room_door_ring, ontoclasm_vaults_pinch, layout_vaults_omnibox
Vaults:2: ontoclasm_vaults_ring_small, nicolae_vaults_stairing_the_circle,
          vaults_room_hangedman_quadrants, v_misc_12,
          minmay_crypt_entry_simple_statues, grunt_vaults_hallway_long,
          hangedman_vaults_pinch, ontoclasm_vaults_misaligned,
          nicolae_vaults_asterisk, v_misc_1, hangedman_vaults_cutoff,
          v_alt_pattern_5, nicolae_vaults_asterisk,
          ontoclasm_vaults_loading_screen, layout_vaults_ring, serial_shops
Vaults:3: vaults_room_ringed_pool, vaults_room_corners,
          nicolae_vaults_network_barrier, nicolae_vaults_little_squares_5,
          nicolae_vaults_specimen_jars, nicolae_vaults_asterisk,
          vaults_standard_mumra_x, vaults_dpeg_cross, vaults_room_fours,
          layout_vaults_omnigrid
Vaults:4: v_misc_3, v_misc_17, dpeg_vaults_monster_box, hangedman_vaults_trim,
          ontoclasm_vaults_water_temple, nicolae_vaults_little_squares_4,
          hangedman_vaults_trim, v_pattern_1, nicolae_vaults_network_quincunx
          [nicolae_vaults_network_quincunx_subvault,
          nicolae_vaults_network_quincunx_subvault,
          nicolae_vaults_network_quincunx_subvault,
          nicolae_vaults_network_quincunx_subvault,
          nicolae_vaults_network_quincunx_subvault],
          nicolae_vaults_circle_grid_a, ontoclasm_vaults_ring_square,
          layout_vaults_maze_bifur, serial_shops, shop, uniq_boris
Vaults:5: serial_shops
Depths:1: layout_gridlike, hell_entry, roderic_serpentine_path,
          grunt_dithmenos_smoke_and_mirrors, firewood_loft,
          nicolae_triple_integral, uniq_mara
Depths:2: hangedman_screamer, layout_basic, hell_entry, moated_statue,
          gammafunk_ghost_crypt, rand_demon_pan_entry_3,
          nicolae_shop_overcharged_wands
Depths:3: minmay_tearing_corner, layout_cave_shapes, abyss_entry,
          nicolae_qazlal_style_of_elements, hell_entry, minmay_shoptagon
Depths:4: grunt_twist_and_shout, layout_cave_shapes, enter_ziggurat_d,
          abyss_entry_flame_altar, serial_shops, shop, nicolae_wwwww,
          pf_coc_iceberg, nicolae_diode_basic
Zot:1:    layout_gridlike, zot_minivault_1, grunt_megastairs_3
Zot:2:    layout_basic
Zot:3:    gammafunk_dig_for_victory, layout_cellular_growth
Zot:4:    layout_basic, gammafunk_ghost_grave, grunt_ministairs_14,
          hangedman_hellfire_club
Zot:5:    layout_basic, ebering_ghost_xom

Skill      XL: |  1  2  3  4  5  6  7  8  9 10 11 12 13 14 15 16 17 18 19 20 21 22 23 24 25 26 27 |
---------------+----------------------------------------------------------------------------------+-----
Stealth        | 2 3 4 5 7 8 9 10 11 13 14 | 14.0
Summonings     | 5 6 7 8 10 13 14 15 16 15 16 17 19 20 21 22 26 | 26.4
Armour         | 1 2 3 4 5 7 10 14 15 19 21 22 | 22.0
Spellcasting   | 3 4 5 6 8 9 10 11 12 13 14 15 17 | 17.0
Maces & Flails | 2 3 4 3 7 8 |  8.4
Air Magic      | 2 4 5 6 5 6 7 |  7.0
Hexes          | 2 3 2 3 5 6 7 |  7.0
Fighting       | 3 6 9 11 13 14 15 16 17 19 20 | 20.0
Dodging        | 4 6 9 9 10 11 13 19 | 19.9
Evocations     | 3 5 0 |  0.0
Shields        | 5 6 7 8 9 |  9.0
Ice Magic      | 2 5 |  5.0
Poison Magic   | 8 9 |  9.0
Translocations | 3 5 |  5.0
Polearms       | 4 8 9 13 14 | 14.0
Short Blades   | 1 5 |  5.0

Action                   |  1- 3 |  4- 6 |  7- 9 | 10-12 | 13-15 | 16-18 | 19-21 | 22-24 | 25-27 || total
-------------------------+-------+-------+-------+-------+-------+-------+-------+-------+-------++-------
Melee: Unarmed           |    27 |       |       |       |       |       |       |       |       ||    27
       Long sword        |    54 |    25 |       |       |       |       |       |       |       ||    79
       Whip              |       |    31 |   131 |       |    98 |   527 |   188 |       |       ||   975
       Halberd           |       |       |    17 |   119 |    49 |       |       |       |       ||   185
       War axe           |       |       |       |       |       |       |   187 |    20 |       ||   207
       Demon trident     |       |       |       |       |       |       |       |   294 |   443 ||   737
       Rapier            |       |       |       |       |       |       |       |     5 |   293 ||   298
Throw: Javelin           |       |     1 |       |       |       |       |       |       |       ||     1
       Dart              |       |       |       |       |       |     1 |       |       |     2 ||     3
 Cast: Summon Small Mamm |    21 |     4 |       |     1 |     6 |       |       |       |       ||    32
       Call Imp          |     7 |    12 |    27 |    17 |     7 |     2 |       |       |       ||    72
       Call Canine Famil |       |    12 |    30 |    60 |    76 |   143 |    20 |     4 |     2 ||   347
       Summon Lightning  |       |       |     6 |    28 |    80 |   201 |    83 |    39 |    28 ||   465
       Summon Guardian G |       |       |     5 |    33 |    56 |   124 |     6 |     1 |       ||   225
       Spider Form       |       |       |     1 |       |       |       |       |       |       ||     1
       Olgreb's Toxic Ra |       |       |       |       |       |    74 |    35 |     3 |       ||   112
       Summon Cactus Gia |       |       |       |       |       |    53 |   158 |   100 |   146 ||   457
       Summon Mana Viper |       |       |       |       |       |    13 |   156 |   112 |   145 ||   426
       Summon Forest     |       |       |       |       |       |     6 |    81 |    68 |    91 ||   246
       Ozocubu's Armour  |       |       |       |       |       |       |       |    21 |    25 ||    46
       Blink             |       |       |       |       |       |       |       |     1 |     2 ||     3
       Malign Gateway    |       |       |       |       |       |       |       |     1 |    19 ||    20
       Summon Hydra      |       |       |       |       |       |       |       |       |    73 ||    73
       Dragon's Call     |       |       |       |       |       |       |       |       |    60 ||    60
Invok: Sacrifice Artific |       |       |       |     1 |       |       |       |       |       ||     1
       Sacrifice Skill   |       |       |       |       |     1 |       |       |       |       ||     1
       Sacrifice Essence |       |       |       |       |     1 |       |       |       |       ||     1
       Apocalypse        |       |       |       |       |       |     7 |     7 |     6 |     8 ||    28
       Power Leap        |       |       |       |       |       |     3 |     2 |       |     3 ||     8
       Sacrifice Arcana  |       |       |       |       |       |     1 |       |       |       ||     1
       Sacrifice Purity  |       |       |       |       |       |     1 |       |       |       ||     1
 Abil: Hop               |       |       |     2 |     9 |     5 |    12 |     3 |     1 |     9 ||    41
Evoke: Wand              |       |       |     1 |     2 |       |       |       |       |       ||     3
  Use: Potion            |       |     1 |     1 |     2 |     1 |     2 |     3 |     2 |     9 ||    21
       Scroll            |       |       |    14 |     7 |     6 |    10 |    10 |     8 |     5 ||    60
 Stab: Sleeping          |     4 |     1 |     3 |       |     1 |     1 |       |     1 |     3 ||    14
       Distracted        |       |       |     1 |     4 |     4 |    16 |     6 |    12 |    29 ||    72
       Paralysed         |       |       |       |       |       |    13 |    10 |     3 |    12 ||    38
       Invisible         |       |       |       |       |       |     3 |     2 |       |     2 ||     7
Armor: Robe              |    37 |       |       |       |       |       |       |    80 |   276 ||   393
       Leather armour    |       |    20 |    63 |    29 |    32 |   141 |   179 |     3 |       ||   467
       Storm dragon scal |       |       |       |       |       |       |       |     9 |    14 ||    23
Dodge: Dodged            |   103 |    38 |   102 |    98 |   135 |   475 |   511 |   209 |   523 ||  2194
Block: Buckler           |       |       |       |       |     4 |   219 |   228 |    96 |   258 ||   805

Table legend: (Time is in decaauts)
 A = Elapsed time spent in this place.
 B = Non-inter-level travel time spent in this place.
 C = Inter-level travel time spent in this place.
 D = Time resting spent in this place.
 E = Time spent auto-exploring this place.
 F = Levels seen in this place.
 G = Mean time per level.
                   A        B        C        D        E       F      G
               +--------+--------+--------+--------+--------+-----+--------+
         Total | 102911 |  92217 |  10694 |  24019 |  46879 |  56 | 1837.7 |
       Dungeon |  25313 |  21083 |   4230 |   4628 |  12464 |  15 | 1687.5 |
        Temple |     25 |     12 |     13 |      0 |      0 |   1 |   25.0 |
          Lair |  12466 |  11061 |   1405 |   3730 |   5295 |   5 | 2493.2 |
        Shoals |   9282 |   8958 |    324 |   2858 |   4516 |   4 | 2320.5 |
   Spider Nest |   7426 |   6886 |    540 |   2248 |   3102 |   4 | 1856.5 |
  Orcish Mines |   2623 |   2390 |    233 |    645 |   1003 |   2 | 1311.5 |
   Elven Halls |   7483 |   6777 |    706 |   1788 |   3017 |   3 | 2494.3 |
        Vaults |  12362 |  10935 |   1427 |   2100 |   6374 |   5 | 2472.4 |
        Depths |  10374 |   9663 |    711 |   2071 |   5437 |   4 | 2593.5 |
           Zot |   8344 |   7242 |   1102 |   1311 |   3859 |   5 | 1668.8 |
         Abyss |   1306 |   1306 |      0 |    110 |     62 |   3 |  435.3 |
         Sewer |    292 |    292 |      0 |    161 |     59 |   1 |  292.0 |
       Ossuary |    604 |    604 |      0 |    118 |    372 |   1 |  604.0 |
        Bailey |   1042 |   1042 |      0 |    763 |    110 |   1 | 1042.0 |
      Ice Cave |   2516 |   2516 |      0 |   1326 |    512 |   1 | 2516.0 |
    Desolation |   1446 |   1446 |      0 |    157 |    691 |   1 | 1446.0 |
               +--------+--------+--------+--------+--------+-----+--------+

Top non-repeatable levels by time:
   Elf:3: 3797 daAuts
Shoals:3: 3485 daAuts
  Lair:1: 3273 daAuts
   Zot:5: 2877 daAuts
  Lair:4: 2823 daAuts
    D:14: 2822 daAuts
Vaults:5: 2794 daAuts
Depths:2: 2793 daAuts
Depths:1: 2703 daAuts
  Lair:2: 2687 daAuts
Depths:3: 2684 daAuts
    D:15: 2561 daAuts
    D:11: 2553 daAuts
Vaults:1: 2544 daAuts
   IceCv: 2516 daAuts
